 Dungeon Crawl Stone Soup version 0.27-a0-1434-g6f15984924 (webtiles) character file.

Game seed: 18149218666629725472

1715 ipx the Jinx (level 8, -1/41 HPs)
             Began as a Deep Elf Fire Elementalist on July 2, 2021.
             Was an Initiate of Ashenzari.
             Shot with an arrow by a centaur (10 damage)
             ... on level 5 of the Dungeon.
             The game lasted 00:45:50 (2595 turns).

ipx the Jinx (Deep Elf Fire Elementalist)           Turns: 2595, Time: 00:45:50

Health: -1/41      AC:  6    Str:  5    XL:     8   Next: 74%
Magic:  16/16      EV: 16    Int: 23    God:    Ashenzari [......]
Gold:   185        SH:  0    Dex: 15    Spells: 2/15 levels left

rFire    . . .     SeeInvis .   f - 6 javelins (silver)
rCold    + . .     Faith    .   (no shield)
rNeg     . . .     Spirit   .   p - +2 leather armour {rC+}
rPois    .         Reflect  .   (no helmet)
rElec    .         Harm     .   (no cloak)
rCorr    .         Rampage  .   (no gloves)
Will     .....                  o - +0 pair of boots of the Cosmic Discomfort {Range, Cun} (curse)
Stlth    +++.......             (no amulet)
HPRegen  0.13/turn              E - +4 ring of evasion
MPRegen  0.15/turn              (no ring)

@: no status effects
A: no striking features
a: Renounce Religion, Shatter the Chains


You were on level 5 of the Dungeon.
You worshipped Ashenzari.
Ashenzari was noncommittal.
You visited 1 branch of the dungeon, and saw 5 of its levels.

You collected 185 gold pieces.

Inventory:

Hand Weapons
 a - a +1 dagger of venom
Missiles
 f - 6 silver javelins (in hand)
Armour
 o - the cursed +0 pair of boots of the Cosmic Discomfort (worn) {Range, Cun}
   (You found it on level 5 of the Dungeon)

   It has a curse which improves the following skills: Ranged Combat: Slings,
   Bows, Crossbows and Throwing.
   Cunning:   Dodging and Stealth.
 p - a +2 leather armour of cold resistance (worn)
Jewellery
 E - a +4 ring of evasion (left hand)
Scrolls
 b - a scroll of enchant armour
 k - a scroll of magic mapping
 l - 3 scrolls of teleportation
Potions
 c - 2 potions of attraction
 e - a potion of invisibility
 h - a potion of magic
 i - a potion of resistance
 j - 3 potions of curing
 m - 2 potions of flight
 n - a potion of cancellation


   Skills:
 - Level 2.0 Short Blades
 - Level 0.9(1.2) Throwing
 - Level 2.4(2.8) Dodging
 + Level 4.6(5.1) Stealth
 - Level 4.0 Spellcasting
 + Level 6.3 Conjurations
 - Level 8.0 Hexes
 + Level 6.3 Fire Magic
 - Level 3.0 Ice Magic


You had 2 spell levels left.
You knew the following spells:

 Your Spells              Type           Power      Damage    Failure   Level
c - Conjure Flame         Conj/Fire      33%        6-21      4%          3
h - Ensorcelled Hibernat  Hex/Ice        58%        N/A       2%          2
t - Sticky Flame          Conj/Fire      33%        2d5       13%         4
u - Tukima's Dance        Hex            41%        N/A       1%          3
x - Foxfire               Conj/Fire      100%       2x1d9     1%          1

Your spell library contained the following spells:

 Spells                   Type           Power      Damage    Failure   Level
 Corona                   Hex            45%        N/A       1%          1
 Magic Dart               Conj           100%       1d8       1%          1
 Summon Small Mammal      Summ           16%        N/A       17%         1
 Call Imp                 Summ           4%         N/A       26%         2
 Inner Flame              Hex/Fire       37%        N/A       2%          3
 Summon Guardian Golem    Hex/Summ       23%        N/A       10%         3
 Ignite Poison            Fire/Tmut/Pois 14%        N/A       22%         3
 Mephitic Cloud           Conj/Pois/Air  14%        N/A       22%         3
 Fireball                 Conj/Fire      16%        3d8       36%         5
 Call Canine Familiar     Summ           4%         N/A       45%         3
 Bolt of Magma            Conj/Fire/Erth 11%        4d7       65%         5


Dungeon Overview and Level Annotations

Branches:
Dungeon (5/15)
 Temple: D:4-7

Altars:
Ashenzari
Dithmenos
Fedhas
Kikubaaqudgha
Okawaru
Uskayaw

Annotations:
D:2 Robin
D:4 Blork the orc
D:5 exclusion: centaur


Message History

Casting: Foxfire (safe; 1% risk of failure)
Confirm with . or Enter, or press ? or * to list all spells.
You conjure some foxfire!
An orc priest comes into view. It is wielding a +0 hand axe.
The orc priest mumbles some strange prayers to Beogh against you.
Pain shoots through your body!
The orc priest miscasts a cantrip.
The foxfire hits the orc priest.
You kill the orc priest!
The centaur shouts!
The centaur wields a +0 shortbow.
The centaur shoots an arrow.
The arrow hits you!
* * * LOW HITPOINT WARNING * * *
Blink to where?
Press: ? - help, Dir - move target
As you read the scroll of blinking, it crumbles to dust.
Magic restored.
You climb upwards.
Level annotation: Blork the orc
There is a stone staircase leading down here.
Your +1 dagger of venom stops dripping with poison.
f - 6 silver javelins (in hand)
You swing at nothing.
You swing at nothing.
You swing at nothing.
You swing at nothing.
You swing at nothing.
You swing at nothing.
You swing at nothing.
You swing at nothing.
You swing at nothing.
You swing at nothing.
You swing at nothing.
You swing at nothing.
You swing at nothing.
There is a stone staircase leading down here.
You climb downwards.
Level annotation: exclusion: centaur The centaur shoots an arrow.
The arrow hits you!
You die... .........†...§....... 'oc...

#######.##....§.#########.o...
..........§..............
###.##......#.....c...#
....+......#.........#
######......#.........#
########.........#
##.........# #@o........#
##.........## ##.........#
#.........# ### #.........#
#.. #########.# #.. #.# #..
#.# #.. #.# #..


You could see a centaur and an orc.

Vanquished Creatures
  Pikel (D:4)
  Grinder (D:3)
  Sigmund (D:2)
  Edmund (D:4)
  Duvessa (D:4)
  Purgy (D:3)
  A sky beast (D:5)
  A black bear (D:4)
  An ogre (D:4)
  2 lemures (D:4)
  Dowan (D:4)
  An orc priest (D:5)
  Natasha (twice) (D:3)
  Terence (D:3)
  An iguana (D:5)
  An orc wizard (D:3)
  A hound skeleton (D:4)
  A howler monkey zombie (D:3)
  2 adders
  A howler monkey skeleton (D:4)
  A shadow imp (D:3)
  An adder skeleton (D:4)
  2 worms
  3 dart slugs
  9 orcs
  12 ball pythons
  An endoplasm (D:2)
  5 giant cockroaches
  19 goblins
  3 hobgoblins
  6 quokkas
  3 bats
  2 frilled lizards
  6 kobolds
  4 rats
100 creatures vanquished.

Vanquished Creatures (others)
  303 foxfires
303 creatures vanquished.

Grand Total: 403 creatures vanquished

Notes
Turn   | Place    | Note
-------+----------+-------------------------------------------
     0 | D:1      | ipx the Deep Elf Fire Elementalist began the quest for the
                  | Orb.
     0 | D:1      | Reached XP level 1. HP: 10/10 MP: 6/6
   156 | D:1      | Reached XP level 2. HP: 15/15 MP: 5/8
   453 | D:1      | Learned a level 2 spell: Ensorcelled Hibernation
   476 | D:2      | Noticed Sigmund
   670 | D:2      | Reached XP level 3. HP: 19/19 MP: 2/9
   851 | D:3      | Learned a level 3 spell: Conjure Flame
   907 | D:3      | Noticed Grinder
   908 | D:3      | Paralysed by Grinder for 5 turns
   919 | D:3      | Killed Grinder
   920 | D:3      | Reached skill level 5 in Hexes
   920 | D:3      | Reached XP level 4. HP: 12/24 MP: 3/10
   920 | D:3      | Reached XP level 5. HP: 14/28 MP: 3/11
   964 | D:2      | Noticed Robin
  1086 | D:3      | Reached skill level 6 in Hexes
  1086 | D:3      | Reached skill level 1 in Ice Magic
  1086 | D:3      | Reached XP level 6. HP: 20/32 MP: 8/12
  1160 | D:3      | Noticed Natasha
  1166 | D:3      | Killed Natasha
  1204 | D:3      | Found an iron altar of Okawaru.
  1223 | D:3      | Noticed Terence
  1258 | D:3      | Noticed Purgy
  1260 | D:3      | Killed Terence
  1273 | D:3      | Killed Purgy
  1279 | D:3      | Noticed Natasha
  1680 | D:2      | Killed Sigmund
  1681 | D:2      | Reached XP level 7. HP: 36/36 MP: 8/15
  1695 | D:3      | Found a faded altar of an unknown god.
  1712 | D:3      | Killed Natasha
  1714 | D:3      | Found a blossoming altar of Fedhas.
  1716 | D:3      | Found an ancient bone altar of Kikubaaqudgha.
  1721 | D:3      | Found a hide-covered altar of Uskayaw.
  1768 | D:4      | Found a broken altar of Ashenzari.
  1771 | D:4      | Became a worshipper of Ashenzari the Shackled
  1814 | D:4      | Noticed Duvessa
  1824 | D:4      | Killed Duvessa
  1825 | D:4      | Reached skill level 5 in Conjurations
  1825 | D:4      | Noticed Dowan
  1912 | D:4      | Learned a level 4 spell: Sticky Flame
  1917 | D:4      | Noticed Pikel
  1975 | D:4      | Killed Dowan
  1976 | D:4      | Reached skill level 1 in Short Blades
  1976 | D:4      | Reached skill level 7 in Hexes
  1988 | D:4      | Found a shadowy altar of Dithmenos.
  2134 | D:5      | Entered Level 5 of the Dungeon
  2146 | D:5      | Reached XP level 8. HP: 41/41 MP: 11/16
  2149 | D:5      | Identified the +6 hand axe of Grontol {flame, rF- rC++
                  | Will+ rCorr}
  2255 | D:5      | Learned a level 3 spell: Tukima's Dance
  2327 | D:4      | Noticed Edmund
  2362 | D:4      | Killed Edmund
  2460 | D:4      | Noticed Blork the orc
  2537 | D:4      | Killed Pikel
  2538 | D:4      | Reached skill level 8 in Hexes
  2595 | D:5      | Shot with an arrow by a centaur

Illustrated notes

Levels and vault maps discovered:
D:1:      heliophobic_arrival_glass_houses, layout_loops_corners
D:2:      layout_basic, chequers_hall_statues_y, chequers_mini_garden,
          uniq_robin, uniq_sigmund
D:3:      layout_basic, lemuel_coloured_pillars_altar,
          grunt_temple_overflow_open, okawaru_metal_pillars_3,
          hellmonk_ecumenical_altar_leap_of_faith, uniq_crazy_yiuf_cottage,
          uniq_natasha, uniq_grinder, uniq_terence, uniq_purgy
D:4:      wad_river_or_something, layout_basic, overflow_temple_1_default,
          kennysheep_mini_moat, minmay_close_crescents, uniq_edmund,
          uniq_duvessa, uniq_pikel, uniq_blork_the_orc
D:5:      layout_basic

Skill      XL: |  1  2  3  4  5  6  7  8 |
---------------+-------------------------+-----
Conjurations   | 2 3 4 5 6 |  6.3
Stealth        | 3 4 |  4.6
Hexes          | 5 6 7 8 |  8.0
Fire Magic     | 4 6 |  6.3
Ice Magic      | 1 3 |  3.0
Spellcasting   | 4 |  4.0
Short Blades   | 1 2 |  2.0
Throwing       | |  0.9
Dodging        | |  2.4

Action                   |  1- 3 |  4- 6 |  7- 9 || total
-------------------------+-------+-------+-------++-------
Melee: Unarmed           |     5 |       |       ||     5
       Dagger            |       |       |    14 ||    14
Throw: Javelin           |     9 |     6 |     1 ||    16
 Cast: Foxfire           |    50 |    52 |    79 ||   181
       Ensorcelled Hiber |       |     2 |     7 ||     9
       Conjure Flame     |       |       |     4 ||     4
       Sticky Flame      |       |       |     1 ||     1
Invok: Curse Item        |       |       |     1 ||     1
Evoke: Wand              |       |     6 |     2 ||     8
  Use: Potion            |       |     1 |       ||     1
       Scroll            |       |       |     1 ||     1
 Stab: Sleeping          |       |       |     2 ||     2
Armor: Robe              |     4 |     6 |       ||    10
       Leather armour    |       |       |     2 ||     2
Dodge: Dodged            |    14 |     7 |    11 ||    32

Table legend: (Time is in decaauts)
 A = Elapsed time spent in this place.
 B = Non-inter-level travel time spent in this place.
 C = Inter-level travel time spent in this place.
 D = Time resting spent in this place.
 E = Time spent auto-exploring this place.
 F = Levels seen in this place.
 G = Mean time per level.
                   A        B        C        D        E       F      G
               +--------+--------+--------+--------+--------+-----+--------+
         Total |   2673 |   2547 |    126 |      0 |      0 |   5 |  534.6 |
       Dungeon |   2673 |   2547 |    126 |      0 |      0 |   5 |  534.6 |
               +--------+--------+--------+--------+--------+-----+--------+

Top non-repeatable levels by time:
     D:3: 691 daAuts
     D:2: 642 daAuts
     D:4: 636 daAuts
     D:1: 534 daAuts
     D:5: 168 daAuts
